 Dungeon Crawl Stone Soup version 0.22.1-6-g1668fe2c40 (webtiles) character file.

179967 Peloso the Hoplite (level 17, -5/124 HPs)
             Began as a Minotaur Fighter on Jan 30, 2019.
             Was the Champion of Okawaru.
             Slain by a halberd of distortion (6 damage)
             ... on level 2 of the Elven Halls.
             The game lasted 01:57:09 (44668 turns).

Peloso the Hoplite (Minotaur Fighter)              Turns: 44668, Time: 01:57:09

Health: -5/124     AC: 25    Str: 22 (24) XL:     17   Next: 62%
Magic:  24/24      EV: 11    Int:  6 (8)  God:    Okawaru [******]
Gold:   2665       SH: 23    Dex: 14      Spells: 16/16 levels left

rFire    . . .     SeeInvis .   a - +10 long sword "Wiyghugg" {drain, rC+}
rCold    + . .     Gourm    .   q - +2 shield {reflect}
rNeg     . . .     Faith    .   A - +3 plate armour {MR+}
rPois    +         Spirit   .   Z - +0 hat {Int+3}
rElec    .         Reflect  +   L - +0 cloak {MR+}
rCorr    .         Harm     .   d - +0 pair of gloves {archery}
MR       +++..     Rnd*Rage +   K - +0 pair of boots Stlth ..........Rnd*Tele +
                                X - +4 amulet of reflection
HPRegen  0.00/turn              c - ring of Loshrodoo {rPois MP+9 Dex+4}
MPRegen  0.19/turn              S - +3 ring of slaying

@: very slightly contaminated, non-regenerating, diseased
A: retaliatory headbutt, horns 2, [berserk 2], [clumsy 1], [frail 2], low mp 1,
teleportitis 1, [weak 1]
a: Heroism, Finesse, Renounce Religion


You were on level 2 of the Elven Halls.
You worshipped Okawaru.
Okawaru was exalted by your worship.
You were not hungry.

You visited 7 branches of the dungeon, and saw 33 of its levels.
You visited the Abyss 1 time.
You also visited: Sewer, Bailey and Ice Cave.

You collected 3274 gold pieces.
You spent 609 gold pieces at shops.

Inventory:

Hand Weapons
 a - the +10 long sword "Wiyghugg" (weapon) {drain, rC+}
   (Okawaru gifted it to you on level 2 of the Swamp)

   A truly terrible weapon, it drains the life of those it strikes.
   It protects you from cold.
 b - a +2 falchion of flaming
 p - a +4 long sword
Armour
 d - a +0 pair of gloves of archery (worn)
 q - a +2 shield of reflection (worn)
 z - a scarf of spirit shield
 A - a +3 plate armour of magic resistance (worn)
 G - a +2 shield of poison resistance
 K - a +0 pair of boots (worn)
 L - a +0 cloak of magic resistance (worn)
 N - the +4 chain mail of Patience {rElec rC+}
   (Okawaru gifted it to you on level 12 of the Dungeon)

   It protects you from cold.
   It insulates you from electricity.
 Z - a +0 hat of intelligence (worn)
Jewellery
 c - the ring of Loshrodoo (left hand) {rPois MP+9 Dex+4}
   (You found it on level 3 of the Spider Nest)

   [ring of poison resistance]

   It affects your dexterity (+4).
   It protects you from poison.
   It affects your magic capacity (+9).
 e - an uncursed ring of flight
 g - an uncursed ring of protection from fire
 u - an uncursed amulet of the gourmand
 Q - an uncursed ring of protection from magic
 S - a +3 ring of slaying (right hand)
 U - an uncursed ring of resist corrosion
 V - an uncursed ring of see invisible
 X - a +4 amulet of reflection (around neck)
Wands
 P - a wand of digging (11)
Scrolls
 m - a scroll of fog
 o - 7 scrolls of teleportation
 s - a scroll of amnesia
 t - 6 scrolls of identify
 v - 2 scrolls of fear
 B - a scroll of summoning
 D - 11 scrolls of remove curse
 E - 3 scrolls of magic mapping
 F - 3 scrolls of noise
 I - 4 scrolls of blinking
Potions
 h - a potion of haste
 i - a potion of berserk rage
 j - a potion of magic
 k - 4 potions of resistance
 l - 7 potions of curing
 n - a potion of flight
 r - a potion of might
 H - 4 potions of heal wounds
 T - a potion of agility
Comestibles
 f - 40 rations


   Skills:
 + Level 15.4 Fighting
 + Level 16.9 Long Blades
 + Level 16.0 Armour
 + Level 7.4 Dodging
 + Level 3.0 Stealth
 + Level 22.4 Shields
 + Level 2.1 Invocations
 + Level 1.7 Evocations


You had 16 spell levels left.
You didn't know any spells.
Your spell library contained the following spells:

 Spells                   Type           Power        Failure   Level  Hunger
 Animate Skeleton         Necr           N/A          99%         1    ##.....
 Apportation              Tloc           #.....       99%         1    ##.....
 Beastly Appendage        Tmut           #.....       99%         1    ##.....
 Confusing Touch          Hex            #.....       99%         1    ##.....
 Corona                   Hex            #......      99%         1    ##.....
 Flame Tongue             Conj/Fire      #....        99%         1    ##.....
 Magic Dart               Conj           #...         99%         1    ##.....
 Summon Butterflies       Summ           #.......     99%         1    ##.....
 Summon Small Mammal      Summ           #...         99%         1    ##.....
 Blink                    Tloc           N/A          100%        2    ###....
 Call Imp                 Summ           #.......     100%        2    ###....
 Corpse Rot               Necr           N/A          100%        2    ###....
 Ensorcelled Hibernation  Hex/Ice        #.....       100%        2    ###....
 Searing Ray              Conj           #.....       100%        2    ###....
 Slow                     Hex            #.......     100%        2    ###....
 Sticks to Snakes         Tmut           #.......     100%        2    ###....
 Sublimation of Blood     Necr           #.........   100%        2    ###....
 Throw Flame              Conj/Fire      #.....       100%        2    ###....
 Call Canine Familiar     Summ           #.......     100%        3    ####...
 Confuse                  Hex            #.......     100%        3    ####...
 Conjure Flame            Conj/Fire      #.......     100%        3    ####...
 Dazzling Spray           Conj/Hex       #.....       100%        3    ####...
 Ignite Poison            Fire/Tmut/Pois #.......     100%        3    ####...
 Inner Flame              Hex/Fire       #.......     100%        3    ####...
 Lesser Beckoning         Tloc           #.........   100%        3    ####...
 Mephitic Cloud           Conj/Pois/Air  #.......     100%        3    ####...
 Spider Form              Tmut/Pois      #.........   100%        3    ####...
 Static Discharge         Conj/Air       #.......     100%        3    ####...
 Stone Arrow              Conj/Erth      #.....       100%        3    ####...
 Tukima's Dance           Hex            #.......     100%        3    ####...
 Force Lance              Conj/Tloc      #.......     100%        4    #####..
 Fulminant Prism          Conj/Hex       #.........   100%        4    #####..
 Ice Form                 Ice/Tmut       #.......     100%        4    #####..
 Iskenderun's Mystic Bla  Conj           #.......     100%        4    #####..
 Leda's Liquefaction      Hex/Erth       #.........   100%        4    #####..
 Petrify                  Tmut/Erth      #.......     100%        4    #####..
 Sticky Flame             Conj/Fire      #.......     100%        4    #####..
 Summon Ice Beast         Ice/Summ       #.......     100%        4    #####..
 Alistair's Intoxication  Tmut/Pois      #.......     100%        5    ######.
 Blade Hands              Tmut           #.........   100%        5    ######.
 Fireball                 Conj/Fire      #.........   100%        5    ######.
 Irradiate                Conj/Tmut      #.........   100%        5    ######.
 Lightning Bolt           Conj/Air       #.........   100%        5    ######.
 Summon Forest            Summ/Tloc      #.........   100%        5    ######.
 Summon Mana Viper        Hex/Summ       #.......     100%        5    ######.
 Freezing Cloud           Conj/Ice/Air   #.........   100%        6    #######
 Hydra Form               Tmut           #.........   100%        6    #######
 Invisibility             Hex            #.......     100%        6    #######
 Iron Shot                Conj/Erth      #.........   100%        6    #######
 Summon Hydra             Summ           #.........   100%        7    #######
 Ignition                 Fire           #.........   100%        8    #######
 Shatter                  Erth           #.........   100%        9    #######
 Tornado                  Air            #.........   100%        9    #######


Dungeon Overview and Level Annotations

Branches:
Dungeon (15/15)            Temple (1/1) D:7            Lair (6/6) D:11
  Swamp (4/4) Lair:3       Spider (3/4) Lair:4        Slime (0/5) Lair:5
    Orc (2/2) D:9             Elf (2/3) Orc:2        Vaults (0/5) D:13
 Depths (0/5) D:15

Altars:
Ashenzari
Cheibriados
Dithmenos
Elyvilon
Fedhas
Gozag
Hepliaklqana
Kikubaaqudgha
Makhleb
Nemelex Xobeh
Okawaru
Qazlal
Ru
Sif Muna
Trog
Uskayaw
Vehumet
Wu Jian
Xom
Yredelemnul
Zin
The Shining One
Beogh

Shops:
D:4 *   D:7 [   D:12 [   Orc:1 *   Orc:2 *([*

Annotations:
Lair:2 exclusion: 4 oklob plants


Innate Abilities, Weirdness & Mutations

You reflexively headbutt those who attack you in melee.
You have a pair of horns on your head.
Your magical capacity is low. (-10% MP)
You are occasionally teleported next to monsters.
[You often lose your temper in combat.]
[You are clumsy. (Dex -2)]
[You are very frail. (-20% HP)]
[You are weak. (Str -2)]


Message History

The black draconian is moderately wounded.
Unknown command.
Blink to where?
Press: ? - help, Dir - move target cursor You are very lightly contaminated with residual magic.
As you read the scroll of blinking, it crumbles to dust.
Found a translucent spear.
Found a gateway leading out of the Abyss.
A white imp comes into view.
The white imp shouts!
The white imp shouts, "Begone, thou weedy swag-bellied cow!"
There is a gateway leading out of the Abyss here.
The white imp shouts, "Bolt, thou bawdy miscreant bootlicker!"
The white imp gestures at you. The puff of frost hits you!
You pass through the gate.
Welcome back to the Elven Halls!
You block the halberd of distortion's attack.
The halberd of distortion hits you.
You die...

#..# #..#
#..# +..'
#..# #..#
#..# #.)#
#.@########
#<(<.......
#..........
#####'#####
..o ...
####


You could see an orc sorcerer and a halberd of distortion.

Vanquished Creatures
  A thorn hunter (Swamp:4)
  A tentacled starspawn (Abyss:3)
  Donald (Elf:1)
  Agnes (Spider:2)
  A ghost moth (Spider:1)
  Louise (Swamp:1)
  3 entropy weavers
  2 deep elf demonologists
  A minotaur (shapeshifter) (D:13)
  A deep elf death mage (Elf:1)
  The ghost of Arouwaat the Carver, a journeyman DgSk (Lair:4)
  An ettin (Orc:1)
  An ice dragon (Swamp:4)
  A ghost crab (Swamp:4)
  10 hydras
  3 catoblepae
  4 vault guards (D:13)
  2 centaur warriors
  9 two-headed ogres
  11 death yaks
  Erica (D:8)
  7 alligators
  A vampire mage (D:15)
  2 ogre magi (Orc:2)
  5 dancing weapons
  A spriggan (Swamp:4)
  A sun demon (Abyss:3)
  A deep elf knight (Elf:1)
  A wretched star (Abyss:3)
  An unseen horror (shapeshifter) (D:13)
  4 unseen horrors
  2 skeletal warriors (D:15)
  5 swamp dragons
  2 deep trolls (Orc:1)
  A deep elf archer (Elf:1)
  A wizard (D:15)
  A shadow dragon zombie (D:15)
  A shambling mangrove (Swamp:4)
  An orange crystal statue (D:9)
  Pikel (D:9)
  9 orb spiders
  28 deep elf magi
  2 necromancers
  21 wolf spiders
  7 ugly things
  An orc knight (D:15)
  A frost giant zombie (D:15)
  The ghost of Gunterle the Skirmisher, a novice OpWn (D:5)
  A shining eye (Abyss:3)
  A manticore (Lair:6)
  7 cyclopes
  2 moths of wrath
  A guardian serpent (shapeshifter) (D:15)
  A torpor snail (Spider:3)
  7 black mambas
  4 ice statues (IceCv)
  A stone giant skeleton (D:15)
  A gargoyle (D:13)
  Psyche (D:12)
  6 komodo dragons
  12 spiny frogs
  A rime drake (Lair:5)
  2 kobold demonologists (D:13)
  4 freezing wraiths (Swamp:4)
  8 demonic crawlers
  4 yaktaurs (D:15)
  2 tengu conjurers (D:13)
  6 ice devils (IceCv)
  14 trolls
  26 jumping spiders
  A polar bear (Lair:6)
  2 tyrant leeches
  6 hornets
  A meliai zombie (D:15)
  23 blink frogs
  An ettin zombie (D:15)
  6 slime creatures (Swamp:2)
  14 hippogriffs
  6 dream sheep (Lair:5)
  5 bog bodies
  28 tarantellas
  2 air elementals (Elf:1)
  A large abomination (Abyss:3)
  39 redbacks
  2 water elementals
  A ynoxinul (Abyss:3)
  2 shadows
  4 wyverns
  45 yaks
  4 hungry ghosts
  3 basilisks
  Grum (Lair:1)
  2 swamp worm simulacra (Swamp:4)
  18 swamp worms
  31 vampire mosquitoes
  3 wargs
  2 acid dragons (D:14)
  A soldier ant (D:13)
  8 water moccasins
  A small abomination (Abyss:3)
  8 hydra simulacra (Swamp:4)
  8 ice beasts (Lair:5)
  7 porcupines
  22 orc warriors
  2 slaves (D:9)
  4 swamp drakes (Swamp:1)
  7 sky beasts
  A black bear (D:6)
  3 hornet zombies
  A phantom (D:9)
  A necrophage (D:11)
  24 ogres
  2 eyes of draining (D:13)
  21 wolves
  3 centaurs
  5 big kobolds
  16 crocodiles
  Blork the orc (D:5)
  A gnoll sergeant (D:10)
  21 bullfrogs
  3 scorpions
  9 killer bees
  7 wights
  4 howler monkeys
  An electric eel (D:13)
  11 crimson imps
  4 centaur zombies
  3 bullfrog zombies
  3 quasits (D:12)
  11 jellies
  15 orc priests
  4 draconian simulacra (IceCv)
  5 hounds
  2 bullfrog skeletons
  9 centaur skeletons
  An iron imp (D:7)
  26 orc wizards
  3 iguanas
  11 worker ants
  4 troll simulacra (IceCv)
  A killer bee zombie (D:10)
  A centaur simulacrum (IceCv)
  12 gnolls
  13 adders
  An ogre simulacrum (IceCv)
  3 shadow imps
  11 oozes
  6 swamp drake simulacra (Swamp:4)
  3 adder zombies
  2 adder skeletons
  8 worms
  3 dart slugs
  5 leopard geckos
  66 orcs
  3 ball pythons
  6 giant cockroaches
  5 goblins
  5 hobgoblins
  16 jackals
  50 kobolds
  5 quokkas
  8 bats
  8 frilled lizards
  A leopard gecko skeleton (D:8)
  11 rats
  A briar patch (Swamp:4)
  A starspawn tentacle (Abyss:3)
1090 creatures vanquished.

Vanquished Creatures (others)
  An azure jelly (Swamp:4)
  Nessos (D:12)
  A centaur warrior (D:14)
  2 deep elf archers (Elf:1)
  A deep elf mage (Elf:1)
  A wolf spider (Spider:2)
  A manticore (Lair:6)
  A cyclops (Orc:1)
  A yaktaur (D:15)
  A jumping spider (Spider:2)
  A redback (Spider:2)
  A tarantella (Spider:2)
  A necrophage (D:12)
  A centaur (D:12)
  9 kobolds
  7 fungi
  12 plants
  2 starspawn tentacles (Abyss:3)
45 creatures vanquished.

Grand Total: 1135 creatures vanquished

Notes
Turn   | Place    | Note
-------+----------+-------------------------------------------
     0 | D:1      | Peloso the Minotaur Fighter began the quest for the Orb.
     0 | D:1      | Reached XP level 1. HP: 19/19 MP: 0/0
   114 | D:1      | You fall through a shaft!
   172 | D:2      | Reached XP level 2. HP: 23/27 MP: 1/1
   203 | D:2      | Found a glowing golden altar of the Shining One.
   580 | D:2      | Reached XP level 3. HP: 29/33 MP: 2/2
   609 | D:2      | Reached skill level 4 in Shields
   755 | D:2      | Found a shattered altar of Ashenzari.
   783 | D:2      | Found a stormy altar of Qazlal.
  1100 | D:1      | Reached XP level 4. HP: 41/41 MP: 3/3
  1722 | D:3      | Found a shadowy altar of Dithmenos.
  1722 | D:3      | Found a basalt altar of Yredelemnul.
  1786 | D:3      | Found an ancient bone altar of Kikubaaqudgha.
  2171 | D:3      | Found a glowing drain.
  2178 | Sewer    | Entered a sewer
  2212 | Sewer    | Reached XP level 5. HP: 47/47 MP: 4/4
  2256 | Sewer    | Reached skill level 1 in Dodging
  2290 | Sewer    | Reached skill level 5 in Long Blades
  2590 | D:3      | Reached skill level 5 in Shields
  2872 | D:4      | Reached XP level 6. HP: 35/53 MP: 5/5
  3269 | D:4      | Found Riuruima's Assorted Antiques.
  3375 | D:4      | Bought a dark potion for 27 gold pieces
  3375 | D:4      | Bought a glowing coppery potion for 27 gold pieces
  3375 | D:4      | Bought a scroll labeled ERAIPUINGI for 30 gold pieces
  4242 | D:5      | Entered Level 5 of the Dungeon
  4280 | D:5      | Reached skill level 5 in Armour
  4280 | D:5      | Reached skill level 6 in Shields
  4280 | D:5      | Reached XP level 7. HP: 9/60 MP: 6/6
  4580 | D:5      | Found a sacrificial altar of Ru.
  4720 | D:5      | Noticed Blork the orc
  4735 | D:5      | Killed Blork the orc
  4735 | D:5      | Reached skill level 5 in Fighting
  4959 | D:5      | Found a runed gate.
  4960 | D:5      | Noticed Gunterle's ghost (novice OpWn)
  4961 | D:5      | Found a runed gate.
  4961 | D:5      | Found a runed gate.
  5429 | D:6      | Reached XP level 8. HP: 42/68 MP: 7/7
  5645 | D:6      | Reached skill level 7 in Shields
  6726 | D:6      | Found a bloodstained altar of Trog.
  6887 | D:7      | Found a staircase to the Ecumenical Temple.
  6902 | Temple   | Entered the Ecumenical Temple
  7138 | Temple   | Became a worshipper of Warmaster Okawaru
  7193 | D:7      | Found a snail-covered altar of Cheibriados.
  7508 | D:7      | Found Sonoleng's Antique Armour Shoppe.
  7528 | D:7      | Reached XP level 9. HP: 71/78 MP: 8/8
  7552 | D:7      | Reached skill level 8 in Shields
  7601 | D:7      | Reached * piety under Okawaru
  8105 | D:8      | Reached skill level 9 in Shields
  8618 | D:8      | Noticed a two-headed ogre
  8628 | D:8      | Killed a two-headed ogre
  8628 | D:8      | Reached ** piety under Okawaru
  8628 | D:8      | Reached *** piety under Okawaru
  8628 | D:8      | Reached skill level 10 in Long Blades
  8635 | D:8      | Reached XP level 10. HP: 65/86 MP: 7/9
  9084 | D:5      | Killed Gunterle's ghost
  9242 | D:9      | Noticed Erica
  9277 | D:8      | Killed Erica
  9277 | D:8      | Reached skill level 1 in Stealth
  9277 | D:8      | Reached skill level 10 in Shields
  9600 | D:8      | Reached **** piety under Okawaru
  9883 | D:9      | Found a staircase to the Orcish Mines.
 10043 | D:9      | Found a shimmering altar of Xom.
 10057 | D:9      | Noticed Pikel
 10085 | D:9      | Killed Pikel
 10085 | D:9      | Reached skill level 11 in Shields
 10134 | D:9      | Found a sparkling altar of Nemelex Xobeh.
 10184 | D:9      | Noticed an orange crystal statue
 10687 | D:10     | Entered Level 10 of the Dungeon
 10916 | D:10     | Noticed a green ugly thing
 10937 | D:10     | Killed a green ugly thing
 11034 | D:10     | Reached XP level 11. HP: 94/94 MP: 10/10
 11367 | D:10     | Reached ***** piety under Okawaru
 11572 | D:11     | Reached skill level 1 in Invocations
 11599 | D:11     | Noticed a red ugly thing
 11623 | D:10     | Reached skill level 10 in Armour
 12159 | D:10     | Killed a red ugly thing
 12159 | D:10     | Reached skill level 12 in Shields
 12522 | D:11     | Found a staircase to the Lair.
 12951 | D:12     | Found Maosiqeo's Antique Armour Shoppe.
 12967 | D:12     | Bought a faintly humming chain mail for 285 gold pieces
 12981 | D:12     | Identified the +0 chain mail of the Merchant {rPois rN+}
                  | (You bought it in a shop on level 12 of the Dungeon)
 13032 | D:12     | Received a gift from Okawaru
 13057 | D:12     | Got an ancient chain mail {god gift}
 13072 | D:12     | Identified the +4 chain mail of Patience {rElec rC+}
                  | (Okawaru gifted it to you on level 12 of the Dungeon)
 13135 | D:12     | Reached skill level 13 in Shields
 13442 | D:12     | Noticed Psyche
 13462 | D:12     | Killed Psyche
 13473 | D:12     | Reached XP level 12. HP: 99/106 MP: 11/11
 13511 | D:12     | Got a blackened scale mail
 13691 | D:12     | Noticed Nessos
 13701 | D:12     | Killed Nessos
 13825 | Lair:1   | Entered Level 1 of the Lair of Beasts
 13859 | Lair:1   | Reached skill level 14 in Shields
 14500 | Lair:1   | Noticed Grum
 14514 | Lair:1   | Reached skill level 10 in Fighting
 14523 | Lair:1   | Killed Grum
 15458 | Lair:2   | Noticed a five-headed hydra
 15492 | Lair:2   | Killed a one-headed hydra
 15506 | Lair:2   | Reached ****** piety under Okawaru
 15657 | Lair:2   | Reached skill level 15 in Shields
 15991 | Lair:2   | Identified the +4 scale mail of Pethran {rPois} (You found
                  | it on level 12 of the Dungeon)
 16078 | Lair:3   | Received a gift from Okawaru
 16488 | Lair:3   | Found a staircase to the Swamp.
 17384 | Lair:4   | Found a runed door.
 17385 | Lair:4   | Found a shimmering altar of Xom.
 17385 | Lair:4   | Noticed Arouwaat's ghost (journeyman DgSk)
 17500 | Lair:4   | Reached XP level 13. HP: 79/114 MP: 9/12
 17510 | Lair:4   | Found a hole to the Spider Nest.
 18008 | Lair:5   | Found a staircase to the Slime Pits.
 18071 | Lair:5   | Found a frozen archway.
 18120 | IceCv    | Entered an ice cave
 18490 | IceCv    | Received a gift from Okawaru
 18497 | IceCv    | Got a translucent great sword {god gift}
 18498 | IceCv    | Identified the +6 great sword of Luxury {freeze, Stlth+}
                  | (Okawaru gifted it to you in an ice cave)
 19287 | IceCv    | Got a crude dagger
 19288 | IceCv    | Identified the +7 dagger of Focus {speed, rPois rF+ MP+9}
                  | (You found it in an ice cave)
 19877 | Lair:4   | Killed Arouwaat's ghost
 19885 | Lair:4   | Reached skill level 16 in Shields
 20239 | Lair:5   | Reached skill level 1 in Evocations
 20775 | Lair:6   | Entered Level 6 of the Lair of Beasts
 21018 | Lair:6   | Received a gift from Okawaru
 21647 | Lair:6   | Reached skill level 17 in Shields
 21670 | Lair:6   | Reached XP level 14. HP: 70/124 MP: 8/14
 21910 | Lair:6   | Received a gift from Okawaru
 22826 | Lair:6   | Reached skill level 15 in Long Blades
 22883 | Lair:6   | Reached skill level 5 in Dodging
 23268 | Lair:6   | Got a smelly scale mail
 23279 | Lair:6   | Identified the +1 scale mail of Negation {-Cast rElec rPois
                  | rN++} (You found it on level 6 of the Lair of Beasts)
 23905 | Orc:1    | Entered Level 1 of the Orcish Mines
 23950 | Orc:2    | Entered Level 2 of the Orcish Mines
 24143 | Orc:1    | Found Gokaj's Assorted Antiques.
 24677 | Orc:1    | HP: 1/126 [ettin/dire flail (30)]
 24681 | Orc:1    | Received a gift from Okawaru
 24687 | Orc:1    | Reached skill level 18 in Shields
 26225 | Orc:2    | Found a roughly hewn altar of Beogh.
 26226 | Orc:2    | Found Pathool's Antique Weapon Shop.
 26233 | Orc:2    | Found Ylasic's General Store.
 26235 | Orc:2    | Found Xokkut's General Store.
 26247 | Orc:2    | Found Oxeeneum's Armour Boutique.
 26279 | Orc:2    | Bought a scroll of brand weapon for 240 gold pieces
 26330 | Orc:2    | Found a staircase to the Elven Halls.
 27275 | D:13     | Reached XP level 15. HP: 110/134 MP: 5/15
 27528 | D:13     | Found a gate to the Vaults.
 28255 | D:13     | Noticed a storm dragon
 28390 | D:13     | Reached skill level 19 in Shields
 29081 | D:14     | Found a flagged portal.
 29158 | Bailey   | Entered a bailey
 29261 | Bailey   | Found an iron altar of Okawaru.
 30581 | D:15     | Entered Level 15 of the Dungeon
 30945 | D:15     | Found a staircase to the Depths.
 31034 | D:15     | Got a pair of transparent boots
 31065 | D:14     | Identified the +0 pair of boots "Kouxagon" {-Tele rElec
                  | Int+4} (You found it on level 15 of the Dungeon)
 31258 | D:15     | Received a gift from Okawaru
 32444 | Swamp:1  | Entered Level 1 of the Swamp
 32611 | Swamp:1  | Noticed Louise
 32630 | Swamp:1  | Killed Louise
 34236 | Swamp:2  | Reached skill level 20 in Shields
 34244 | Swamp:2  | Received a gift from Okawaru
 34254 | Swamp:2  | Got a crude long sword {god gift}
 34255 | Swamp:2  | Identified the +10 long sword "Wiyghugg" {drain, rC+}
                  | (Okawaru gifted it to you on level 2 of the Swamp)
 34435 | Swamp:3  | Reached XP level 16. HP: 118/146 MP: 14/16
 35384 | Swamp:4  | Entered Level 4 of the Swamp
 35873 | Swamp:4  | Noticed a thorn hunter
 35888 | Swamp:4  | Killed a thorn hunter
 36243 | Swamp:4  | Received a gift from Okawaru
 37376 | Spider:1 | Entered Level 1 of the Spider Nest
 38147 | Spider:1 | Reached skill level 15 in Armour
 38425 | Spider:1 | Reached skill level 21 in Shields
 38499 | Spider:1 | HP: 7/147 [poisoned by a redback]
 38504 | Spider:1 | HP: 6/147 [poisoned by a redback]
 38509 | Spider:1 | HP: 6/147 [poisoned by a redback]
 38517 | Spider:1 | HP: 6/147 [poisoned by a redback]
 38525 | Spider:1 | HP: 7/147 [poisoned by a redback]
 39745 | Spider:2 | Received a gift from Okawaru
 40537 | Spider:2 | Noticed Agnes
 40556 | Spider:2 | Killed Agnes
 40659 | Spider:2 | Reached XP level 17. HP: 115/154 MP: 17/17
 41371 | Spider:3 | Received a gift from Okawaru
 41378 | Spider:3 | Reached skill level 15 in Fighting
 41623 | Spider:3 | Got a clouded bone ring
 41625 | Spider:3 | Identified the ring of Loshrodoo {rPois MP+9 Dex+4} (You
                  | found it on level 3 of the Spider Nest)
 42404 | Elf:1    | Entered Level 1 of the Elven Halls
 42868 | Elf:1    | Reached skill level 22 in Shields
 43099 | Elf:1    | Received a gift from Okawaru
 43413 | Elf:1    | Identified Vehumet's Incunabulum of Battle Magic
 44058 | Elf:1    | Noticed Donald
 44072 | Elf:1    | Killed Donald
 44529 | Elf:2    | Cast into level 3 of the Abyss (halberd of distortion)
 44539 | Abyss:3  | Found a corrupted altar of Lugonu.
 44557 | Abyss:3  | Gained mutation: Your magical capacity is low. (-10% MP) [a
                  | shining eye]
 44559 | Abyss:3  | Gained mutation: You are often teleported next to monsters.
                  | [a shining eye]
 44599 | Abyss:3  | Found a runed gate.
 44600 | Abyss:3  | Found a runed gate.
 44604 | Abyss:3  | Found a runed gate.
 44639 | Abyss:3  | Found a runed gate.
 44661 | Abyss:3  | HP: 1/124 [large abomination (14)]
 44668 | Elf:2    | Escaped the Abyss
 44668 | Elf:2    | Slain by a halberd of distortion

Skill      XL: |  1  2  3  4  5  6  7  8  9 10 11 12 13 14 15 16 17 |
---------------+----------------------------------------------------+-----
Fighting       | 4 5 6 7 8 9 10 11 12 14 15 | 15.4
Long Blades    | 3 4 5 7 8 10 12 13 14 15 16 | 16.9
Armour         | 4 5 6 7 8 9 10 11 12 13 14 15 16 | 16.0
Shields        | 4 5 6 7 9 11 13 15 17 18 20 21 22 | 22.4
Dodging        | 1 2 4 6 7 |  7.4
Stealth        | 1 2 3 |  3.0
Invocations    | 1 2 |  2.1
Evocations     | 1 |  1.7

Action                   |  1- 3 |  4- 6 |  7- 9 | 10-12 | 13-15 | 16-18 || total
-------------------------+-------+-------+-------+-------+-------+-------++-------
Melee: Long sword        |    89 |   201 |    88 |       |       |   818 ||  1196
       Headbutt          |     9 |    34 |    78 |   254 |   669 |   229 ||  1273
       Falchion          |       |       |   311 |  1049 |  2155 |    94 ||  3609
Invok: Heroism           |       |       |     1 |     4 |    19 |     7 ||    31
Evoke: Wand              |       |       |       |     1 |    14 |     3 ||    18
  Use: Scroll            |       |    10 |       |    12 |    20 |     6 ||    48
       Potion            |       |     4 |     2 |     2 |     6 |     2 ||    16
  Eat: Chunk             |       |     7 |    12 |    27 |    40 |    73 ||   159
       Ration            |       |     1 |     1 |     1 |     5 |     2 ||    10
Armor: Scale mail        |    41 |    66 |       |       |       |       ||   107
       Plate armour      |       |     9 |   158 |   156 |   142 |   331 ||   796
       Chain mail        |       |       |       |   134 |   431 |    67 ||   632
Dodge: Dodged            |    16 |    49 |    71 |   319 |   528 |   310 ||  1293
Block: Shield            |    53 |   143 |   285 |   893 |  1622 |  1143 ||  4139
       Reflection        |       |     6 |     9 |    19 |    69 |    22 ||   125
       Rpst.: Long sword |     9 |    10 |     5 |       |       |    47 ||    71
       Falchion          |       |       |    13 |    74 |   116 |     2 ||   205
